 Dungeon Crawl Stone Soup version 0.28.0-47-ge53b351184 (webtiles) character file.

Game seed: 8062563295019118058

47091 issech the Carver (level 14, 0/141 HPs)
             Began as a Troll Monk on May 7, 2022.
             Was a High Priest of Hepliaklqana.
             Shot with an arrow by a tengu warrior (5 damage)
             ... on level 15 of the Dungeon on May 8, 2022.
             The game lasted 01:38:13 (16468 turns).

issech the Carver (Troll Monk)                     Turns: 16468, Time: 01:38:14

Health: 0/141      AC: 17    Str: 22    XL:     14   Next: 7%
Magic:  12/13      EV: 14    Int:  6    God:    Hepliaklqana [*****.]
Gold:   1135       SH:  0    Dex: 18    Spells: 13/13 levels left

rFire   + . .      SeeInvis .   k - +7 great sword of the Baking Visionary {spect, +Blink rC+ Dex+2 Stlth-}
rCold   + + .      Faith    .   (shield currently unavailable)
rNeg    . . .      Spirit   .   A - +0 troll leather armour
rPois   +          Reflect  .   (helmet restricted)
rElec   +          Harm     .   K - +2 cloak {rCorr}
rCorr   +          Rampage  .   (gloves unavailable)
Will    +....                   (boots unavailable)
Stlth   ++........              (no amulet)
HPRegen 1.93/turn               U - +4 ring of protection
MPRegen 0.13/turn               r - +4 ring of protection

@: resistant, on blink cooldown, studying Maces & Flails
A: reduced essence, large, unfitting armour, claws 3, regeneration 1, shaggy fur
1, tough skin 1, robust 1, sturdy frame 1
a: Renounce Religion, Evoke Blink, Recall Ancestor, Ancestor Identity,
Transference, Idealise


You were on level 15 of the Dungeon.
You worshipped Hepliaklqana.
Hepliaklqana was extremely pleased with you.
You visited 2 branches of the dungeon, and saw 16 of its levels.
You visited the Abyss 1 time.
You also visited: Bailey.

You collected 1175 gold pieces.
You spent 40 gold pieces at shops.

Inventory:

Hand Weapons
 a - the +5 dagger "Coddooru" {venom, Int+5}
   (You found it on level 9 of the Dungeon)

   It poisons the flesh of those it strikes.
   Int:       It affects your intelligence (+5).
 k - the +7 great sword of the Baking Visionary (weapon) {spect, +Blink rC+ Dex+2 Stlth-}
   (You found it on level 2 of the Dungeon)

   When its wielder attacks, the weapon's spirit leaps out and strikes again.
   The spirit shares a part of any damage it takes with its wielder.
   Dex:       It affects your dexterity (+2).
   rC:        It protects you from cold.
   +Blink:    It lets you blink.
   Stlth:     It makes you less stealthy.
 u - a +4 war axe
 x - a +3 scimitar of flaming
 G - a +3 vampiric flail
 I - a +3 quarterstaff of chaos
Missiles
 f - 6 silver javelins
 g - 57 poisoned darts
 j - 316 stones
 m - 500 arrows
 y - 220 sling bullets
 B - 7 large rocks (quivered)
 E - 41 bolts
 P - 17 curare-tipped darts
 X - 18 boomerangs
 Y - 13 atropa-tipped darts
 Z - 5 javelins
Armour
 A - a +0 troll leather armour (worn)
 K - a +2 cloak of preservation (worn)
 S - a +2 robe of cold resistance
Jewellery
 d - a ring of fire
 p - a ring of positive energy
 q - a ring of ice
 r - a +4 ring of protection (right claw)
 v - an amulet of faith
 w - a ring of flight
 C - a ring of see invisible
 O - a ring of protection from cold
 Q - a ring of wizardry
 U - a +4 ring of protection (left claw)
 V - a +6 ring of strength
Wands
 b - a wand of polymorph (4)
 o - a wand of flame (92)
 F - a wand of acid (7)
 H - a wand of charming (6)
 L - a wand of mindburst (23)
 N - a wand of iceblast (20)
 R - a wand of digging (4)
Scrolls
 c - 2 scrolls of blinking
 h - a scroll of enchant armour
 l - 2 scrolls of magic mapping
 D - 3 scrolls of teleportation
 M - 5 scrolls of fear
Potions
 e - 4 potions of mutation
 i - a potion of heal wounds
 n - 8 potions of curing
 s - 5 potions of might {unknown}
 z - 8 potions of ambrosia
 W - a potion of cancellation
Miscellaneous
 J - a box of beasts
 T - a tin of tremorstones (2/2)


   Skills:
 + Level 9.6 Fighting
 + Level 14.7 Long Blades
 + Level 3.9 Maces & Flails
 + Level 6.5 Throwing
 + Level 8.7 Dodging
 + Level 4.0 Stealth


You had 13 spell levels left.
You didn't know any spells.
Your spell library contained the following spells:

 Spells                   Type           Power      Damage    Failure   Level
 Apportation              Tloc           0%         N/A       45%         1
 Magic Dart               Conj           0%         1d3       45%         1
 Call Imp                 Summ           0%         N/A       61%         2
 Ensorcelled Hibernation  Hex/Ice        0%         N/A       61%         2
 Static Discharge         Conj/Air       0%         N/A       61%         2
 Gell's Gravitas          Tloc           0%         N/A       83%         3
 Mephitic Cloud           Conj/Pois/Air  0%         N/A       83%         3
 Portal Projectile        Hex/Tloc       0%         N/A       83%         3
 Spider Form              Tmut/Pois      0%         N/A       83%         3
 Teleport Other           Tloc           0%         N/A       83%         3
 Anguish                  Hex/Necr       0%         N/A       99%         4
 Dispel Undead            Necr           0%         3d6       99%         4
 Passage of Golubria      Tloc           0%         N/A       99%         4
 Sticky Flame             Conj/Fire      0%         2d3       99%         4
 Alistair's Intoxication  Tmut/Pois      0%         N/A       100%        5
 Manifold Assault         Tloc           0%         N/A       100%        5
 Dispersal                Tloc           0%         N/A       100%        6
 Disjunction              Tloc           0%         N/A       100%        8


Dungeon Overview and Level Annotations

Branches:
Dungeon (15/15)            Temple (1/1) D:7            Lair (0/6) D:10
    Orc (0/2) D:12         Vaults (0/5) D:14         Bailey (visited)
 Depths: D:15

Altars:
Ashenzari
Cheibriados
Dithmenos
Elyvilon
Fedhas
Gozag
Hepliaklqana
Kikubaaqudgha
Makhleb
Nemelex Xobeh
Okawaru
Qazlal
Ru
Sif Muna
Trog
Uskayaw
Vehumet
Wu Jian
Xom
Yredelemnul
Zin
The Shining One
Jiyva

Shops:
D:4 =   D:5 [   D:7 *

Annotations:
D:5 1 runed translucent door, Cheops's ghost, amateur VSFi
D:15 Roxanne


Innate Abilities, Weirdness & Mutations

Your life essence is reduced to manifest your ancestor. (-10% HP)
You are too large for most types of armour.
You have claws for hands.
Your natural rate of healing is unusually fast.
You are covered in fur. (AC +1)
You have tough skin. (AC +1)
You are robust. (+10% HP)
Your movements are slightly less encumbered by armour. (ER -2)


Message History

The frost giant casts a spell at you. The bolt of cold hits you! You resist.
The tengu warrior shoots an arrow.
The arrow hits you!
You throw a large rock.
The large rock closely misses the tengu warrior.
The tengu warrior shoots an arrow.
The arrow hits you! The frost giant casts a spell at you.
The bolt of cold hits you. You resist.
The tengu warrior shoots an arrow.
The arrow hits you!
The tengu warrior shoots an arrow.
The arrow hits you.
The tengu warrior shoots an arrow.
The arrow hits you!
You hit the frost giant.
The frost giant is moderately wounded.
Your +7 great sword of the Baking Visionary {spect, +Blink rC+ Dex+2 Stlth-} hits the frost giant!
The tengu warrior shoots an arrow.
The arrow closely misses you.
The arrow hits your +7 great sword of the Baking Visionary {spect, +Blink rC+ Dex+2 Stlth-}!!
Your spectral weapon shares its damage with you!
* * * LOW HITPOINT WARNING * * *
The tengu warrior shoots an arrow.
The arrow barely misses you. The frost giant barely misses you.
The frost giant hits your +7 great sword of the Baking Visionary {spect, +Blink rC+ Dex+2 Stlth-} with a +1 battleaxe of freezing!
Your spectral weapon shares its damage with you!
Your +7 great sword of the Baking Visionary {spect, +Blink rC+ Dex+2 Stlth-} fades away.
* * * LOW HITPOINT WARNING * * *
You hit the frost giant but do no damage.
The frost giant is moderately wounded.
Your +7 great sword of the Baking Visionary {spect, +Blink rC+ Dex+2 Stlth-} hits the frost giant!!
The tengu warrior shoots an arrow.
The arrow hits you!
* * * LOW HITPOINT WARNING * * *
The frost giant hits you with a +1 battleaxe of freezing!
* * * LOW HITPOINT WARNING * * *
The frost giant freezes you.
* * * LOW HITPOINT WARNING * * *
The frost giant misses your +7 great sword of the Baking Visionary {spect, +Blink rC+ Dex+2 Stlth-}.
You feel protected.
The tengu warrior shoots an arrow.
The arrow hits you!
* * * LOW HITPOINT WARNING * * *
The tengu warrior shoots an arrow.
The arrow closely misses you. The frost giant completely misses you.
You blink.
The tengu warrior shoots an arrow.
The arrow hits you.
You die...

.#. #........†.......
≈..# #................
≈.) ##'#######.....##
###'#####.)....##.##..#.
#(.((...#....##.....##'.
#..(((..#.............#.
#....)..#..#...##...§..#
#....(..'..#)†.##.§≈≈..#
#....Q.@#.#.†......≈≈...
#....Q.C###.............
#......§.....♣♣.._......
#.........#..♣♣.....≈≈..
####+###..#.........≈≈..
#...#....##.....# ..
#...#....##.....#
...#....#...........
...#.....##.....##..


You could see a frost giant and 2 tengu warriors.

Vanquished Creatures
  An orc warlord (D:11)
  Fannar (D:10)
  6 boulder beetles
  An ogre mage (D:15)
  7 centaur warriors
  10 two-headed ogres
  2 tengu warriors (D:12)
  A thrashing horror (Abyss:2)
  2 deep elf knights (D:13)
  Sonja (D:10)
  An orc knight (D:15)
  Pikel (D:6)
  2 wizards
  3 deep elf pyromancers
  7 ugly things
  2 deep elf archers (D:13)
  4 cyclopes
  2 manticores (D:12)
  Maurice (D:8)
  A komodo dragon (D:12)
  An efreet (D:12)
  A tengu conjurer (D:11)
  A harpy zombie (Abyss:2)
  A polar bear (D:9)
  A queen bee (D:10)
  9 trolls
  A hornet (D:11)
  Prince Ribbit (D:6)
  4 slime creatures
  2 shadows
  Eustachio (D:4)
  4 fire bats (Abyss:2)
  A wyvern (D:10)
  A basilisk (shapeshifter) (D:13)
  A basilisk (D:12)
  Grum (D:10)
  Menkaure (D:4)
  4 vampire mosquitoes (D:12)
  A warg (D:12)
  2 acid dragons
  2 water moccasins
  Duvessa (D:3)
  A black bear (D:6)
  7 orc warriors
  An ice beast (D:9)
  A necrophage (D:6)
  4 ogres
  10 centaurs
  2 wolves (D:10)
  2 lemures (D:7)
  A phantom (D:4)
  6 kobold brigands
  2 gnoll sergeants (D:9)
  A water moccasin skeleton (D:5)
  Dowan (D:3)
  A wight (Abyss:2)
  23 killer bees
  3 howler monkeys
  2 electric eels (D:9)
  A bullfrog zombie (D:7)
  3 centaur zombies
  2 jellies (D:9)
  3 orc priests
  Crazy Yiuf (D:6)
  3 hounds (D:6)
  3 iguanas
  A bullfrog skeleton (D:6)
  Ijyb (D:3)
  Natasha (thrice) (D:2)
  5 orc wizards
  A killer bee zombie (D:8)
  4 centaur simulacra
  A hound skeleton (D:4)
  A howler monkey zombie (D:9)
  Robin (D:2)
  11 gnolls
  7 adders
  3 shadow imps
  5 white imps
  6 ufetubi
  An adder skeleton (D:4)
  4 worms
  A dart slug (D:4)
  26 orcs
  6 endoplasms
  2 giant cockroaches
  15 goblins
  15 hobgoblins
  8 jackals
  22 kobolds
  A quokka (D:1)
  12 ball pythons
  6 bats
  4 frilled lizards
  5 rats
360 creatures vanquished.

Vanquished Creatures (collateral kills)
  2 slime creatures
  The ghost of Cruo the Cleaver, a novice MiCK of Xom (D:8)
  An ogre mage (D:15)
  A centaur warrior (D:12)
  2 two-headed ogres
  A tengu warrior (D:11)
  A manticore (D:11)
  An ugly thing (D:14)
  A gargoyle (D:8)
  An unseen horror (D:10)
  2 wraiths
  A yak (D:9)
  A vampire mosquito (D:12)
  3 orc warriors
  3 wolves
  2 kobold brigands
  A bullfrog (D:9)
  5 killer bees
  2 jellies (D:9)
  A gnoll shaman (D:8)
  2 orc wizards
  4 gnolls
  An orc (D:10)
  A goblin (D:9)
  2 hobgoblins (D:9)
  5 kobolds
  A lurking horror (Abyss:2)
49 creatures vanquished.

Vanquished Creatures (others)
  12 battlemagi
  5 plants (D:10)
17 creatures vanquished.

Grand Total: 426 creatures vanquished

Notes
Turn   | Place    | Note
-------+----------+-------------------------------------------
     0 | D:1      | issech the Troll Monk began the quest for the Orb.
     0 | D:1      | Reached XP level 1. HP: 22/22 MP: 0/0
   154 | D:1      | Reached XP level 2. HP: 29/29 MP: 1/1
   366 | D:1      | Found a faded altar of an unknown god.
   746 | D:2      | Identified the +7 great sword of the Baking Visionary
                  | {spect, +Blink rC+ Dex+2 Stlth-}
   785 | D:2      | Reached XP level 3. HP: 36/36 MP: 2/2
   889 | D:2      | Noticed Natasha
   893 | D:2      | Killed Natasha
   894 | D:2      | Reached XP level 4. HP: 44/44 MP: 3/3
  1007 | D:2      | Noticed Natasha
  1015 | D:2      | Killed Natasha
  1091 | D:2      | Noticed Natasha
  1097 | D:2      | Killed Natasha
  1098 | D:2      | Reached skill level 1 in Long Blades
  1098 | D:2      | Reached XP level 5. HP: 52/52 MP: 4/4
  1114 | D:2      | Noticed Robin
  1143 | D:2      | Killed Robin
  1339 | D:3      | Noticed Ijyb
  1350 | D:3      | Killed Ijyb
  1471 | D:3      | Identified the +2 leather armour "Zisaxypn" {*Corrode
                  | Int+5}
  1489 | D:3      | Reached skill level 2 in Long Blades
  2171 | D:3      | Reached XP level 6. HP: 59/61 MP: 5/5
  2578 | D:4      | Reached skill level 3 in Long Blades
  2602 | D:4      | Noticed Eustachio
  2662 | D:4      | Killed Eustachio
  2663 | D:4      | Reached skill level 1 in Throwing
  2711 | D:4      | Noticed Menkaure
  2712 | D:4      | Found Oxkacib's Jewellery Emporium.
  2717 | D:4      | Reached XP level 7. HP: 61/67 MP: 6/6
  2718 | D:4      | Killed Menkaure
  2719 | D:4      | Reached skill level 4 in Long Blades
  2922 | D:4      | Noticed Duvessa
  2925 | D:4      | Noticed Dowan
  2940 | D:3      | Killed Duvessa
  2956 | D:3      | Killed Dowan
  3268 | D:5      | Entered Level 5 of the Dungeon
  3268 | D:5      | Found Osiev's Antique Armour Shoppe.
  3333 | D:5      | Reached skill level 5 in Long Blades
  3333 | D:5      | Reached XP level 8. HP: 75/78 MP: 7/7
  3598 | D:5      | Found a runed translucent door.
  3735 | D:5      | Noticed Cheops's ghost (amateur VSFi)
  4310 | D:6      | Found a runed translucent door.
  4311 | D:6      | Noticed Crazy Yiuf
  4316 | D:6      | Killed Crazy Yiuf
  4392 | D:6      | Reached skill level 6 in Long Blades
  4766 | D:6      | Noticed Prince Ribbit
  4779 | D:6      | Killed Prince Ribbit
  4842 | D:7      | Noticed Pikel
  4853 | D:6      | Killed Pikel
  4854 | D:6      | Reached skill level 5 in Fighting
  4854 | D:6      | Reached skill level 7 in Long Blades
  4854 | D:6      | Reached XP level 9. HP: 43/88 MP: 8/8
  4906 | D:7      | Found Cat Mimo's Assorted Antiques.
  4916 | D:7      | Found a staircase to the Ecumenical Temple.
  4936 | D:7      | Got the Disquisition on Translocation
  4954 | Temple   | Entered the Ecumenical Temple
  5172 | D:7      | Noticed a two-headed ogre
  5176 | D:7      | Killed a two-headed ogre
  5181 | D:7      | Bought a scroll of identify for 40 gold pieces
  5326 | D:7      | Found a stormy altar of Qazlal.
  5335 | D:7      | Found a hazy altar of Hepliaklqana.
  5343 | D:7      | Reached skill level 8 in Long Blades
  5352 | D:7      | Became a worshipper of Hepliaklqana the Forgotten
  5352 | D:7      | Reached * piety under Hepliaklqana
  5352 | D:7      | Reached ** piety under Hepliaklqana
  5353 | D:7      | Remembered your ancestor Shatamurrim as a battlemage
  5606 | D:8      | Noticed Maurice
  5916 | D:8      | Killed Maurice
  6263 | D:8      | Noticed a gargoyle
  6271 | D:8      | Killed a gargoyle
  6272 | D:8      | Reached XP level 10. HP: 75/86 MP: 9/9
  6351 | D:8      | Found a runed translucent door.
  6351 | D:8      | Noticed Cruo's ghost (novice MiCK)
  6351 | D:8      | Noticed a centaur warrior
  6660 | D:9      | Reached skill level 9 in Long Blades
  6671 | D:9      | HP: 1/88 [orc wizard/puff of flame (5)]
  6688 | D:10     | Entered Level 10 of the Dungeon
  6812 | D:9      | Reached skill level 5 in Dodging
  6847 | D:9      | Found a viscous altar of Jiyva.
  6902 | D:9      | Found a flagged portal.
  6920 | Bailey   | Entered a bailey
  7152 | Bailey   | Found a burning altar of Makhleb.
  7463 | D:9      | Reached *** piety under Hepliaklqana
  7583 | D:9      | Reached skill level 10 in Long Blades
  7583 | D:9      | Reached skill level 5 in Throwing
  7991 | D:9      | Identified the +5 dagger "Coddooru" {venom, Int+5}
  8127 | D:8      | Killed a centaur warrior
  8128 | D:8      | Reached XP level 11. HP: 85/96 MP: 10/10
  8131 | D:8      | Killed Cruo's ghost
  8443 | D:10     | Noticed Fannar
  8457 | D:10     | Killed Fannar
  9142 | D:10     | Found a staircase to the Lair.
  9162 | D:10     | Noticed Sonja
  9172 | D:10     | Cast into level 2 of the Abyss (Sonja)
  9201 | Abyss:2  | Noticed a thrashing horror
  9211 | Abyss:2  | Killed a thrashing horror
  9321 | D:10     | Escaped the Abyss
  9322 | D:10     | Killed Sonja
  9323 | D:10     | Reached skill level 11 in Long Blades
  9464 | D:10     | Noticed Grum
  9473 | D:10     | Killed Grum
  9976 | D:11     | Noticed a two-headed ogre
  9988 | D:11     | Killed a two-headed ogre
 10132 | D:11     | Noticed a tengu warrior
 10144 | D:11     | Killed a tengu warrior
 10276 | D:11     | Noticed a centaur warrior
 10284 | D:11     | Killed a centaur warrior
 10637 | D:12     | Reached **** piety under Hepliaklqana
 10672 | D:12     | Reached XP level 12. HP: 81/106 MP: 11/11
 11359 | D:12     | Reached skill level 12 in Long Blades
 11511 | D:12     | Found a staircase to the Orcish Mines.
 11684 | D:12     | Noticed a two-headed ogre
 11687 | D:12     | Killed a two-headed ogre
 11687 | D:12     | Noticed a boulder beetle
 11693 | D:12     | Killed a boulder beetle
 11752 | D:12     | Reached ***** piety under Hepliaklqana
 11760 | D:12     | Noticed a two-headed ogre
 11763 | D:12     | Killed a two-headed ogre
 11806 | D:12     | Noticed a two-headed ogre
 11809 | D:12     | Killed a two-headed ogre
 11853 | D:12     | Noticed a centaur warrior
 11853 | D:12     | Noticed a centaur warrior
 11854 | D:12     | Noticed an orc warlord
 11862 | D:12     | Killed a centaur warrior
 11865 | D:12     | Killed a centaur warrior
 12367 | D:11     | Killed an orc warlord
 12652 | D:12     | Noticed a tengu warrior
 12661 | D:12     | Killed a tengu warrior
 12811 | D:12     | Noticed a boulder beetle
 12822 | D:12     | Reached skill level 13 in Long Blades
 12825 | D:12     | Killed a boulder beetle
 12854 | D:12     | Noticed a tengu warrior
 12854 | D:12     | Noticed a boulder beetle
 12868 | D:12     | Killed a tengu warrior
 12870 | D:12     | HP: 2/109 [boulder beetle (22)]
 12880 | D:12     | Killed a boulder beetle
 12973 | D:12     | Gained mutation: You are robust. (+10% HP) [potion of
                  | mutation]
 12973 | D:12     | Gained mutation: Your movements are slightly less
                  | encumbered by armour. (ER -2) [potion of mutation]
 12988 | D:12     | Reached XP level 13. HP: 112/128 MP: 12/12
 13434 | D:13     | Identified the +2 chain mail "Siz Taor" {Dex+2 SInv}
 15214 | D:14     | Found a gate to the Vaults.
 15626 | D:15     | Entered Level 15 of the Dungeon
 15672 | D:14     | Reached skill level 14 in Long Blades
 16030 | D:15     | Identified Roxanne's Catalogue of Moulding
 16030 | D:15     | Noticed Roxanne
 16081 | D:15     | Found an ornate altar of the Wu Jian Council.
 16446 | D:15     | Paralysed by an ogre mage for 5 turns
 16454 | D:15     | Reached XP level 14. HP: 140/140 MP: 13/13
 16456 | D:15     | Noticed a frost giant
 16467 | D:15     | HP: 4/141 [tengu warrior/arrow (10)]
 16468 | D:15     | Shot with an arrow by a tengu warrior

Illustrated notes

Levels and vault maps discovered:
D:1:      nicolae_arrival_memento_mori, layout_rooms,
          dreamdust_ecumenical_altar_statues, roderic_filled_cross,
          roderic_lattice_a, grunt_decor_resistance, minmay_octomino_e4
D:2:      layout_rooms, uniq_natasha, uniq_robin
D:3:      layout_loops_ring, grunt_decor_cap, uniq_ijyb
D:4:      layout_loops_ring, serial_shops, nicolae_shop_window_shopping,
          uniq_menkaure, uniq_eustachio, uniq_duvessa
D:5:      layout_basic, serial_shops, shop, hellmonk_ghost_happy_afterlife
D:6:      layout_rooms, hangedman_decor_lopped, minmay_crystal_water,
          minmay_manual_mail, uniq_prince_ribbit1, uniq_crazy_yiuf_cottage
D:7:      layout_rooms, mainiacjoe_overflow_large_starburst,
          minmay_temple_entry_mini_moons, serial_shops, nicolae_diamond_shop,
          chequers_garden, uniq_pikel
D:8:      layout_loops_ring, ebering_ghost_inner_flame, uniq_maurice
D:9:      layout_basic, enter_bailey_4, serial_ice, serial_ice_o, serial_ice_k,
          serial_ice_a, serial_ice_d, serial_ice_h, serial_ice_e, serial_ice_c,
          serial_ice_m, jiyva_altar_1
D:10:     layout_basic, dpeg_oklobed_lair, minivault_7, uniq_grum, uniq_sonja,
          uniq_fannar
D:11:     layout_rooms
D:12:     minmay_the_grid_4x2 [minmay_the_grid_spin_star,
          minmay_the_grid_spikes, minmay_the_grid_empty,
          minmay_the_grid_armoury, minmay_the_grid_fan,
          minmay_the_grid_holed_spiral, minmay_the_grid_zigzag_pyramid,
          minmay_the_grid_prize_four_corners], layout_grid_maze
D:13:     layout_loops_corners
D:14:     layout_irregular_city, david_vaults_1
D:15:     grunt_enter_depths_snipers, layout_gridville,
          hangedman_decor_cross_pass, nrook_mini_backslash,
          corexii_hall_statues_i, st_stairs_10, nicolae_wu_jian_wuxing_cycle,
          uniq_roxanne
Temple:   regret_index_temple_chain_breaker

Skill      XL: |  1  2  3  4  5  6  7  8  9 10 11 12 13 |
---------------+----------------------------------------+-----
Maces & Flails | 3 |  3.9
Dodging        | 3 4 5 6 7 8 |  8.7
Long Blades    | 1 2 3 5 7 8 10 11 13 14 | 14.7
Fighting       | 3 4 5 6 7 8 9 |  9.6
Throwing       | 1 3 4 5 6 |  6.5
Stealth        | 2 3 4 |  4.0

Action                   |  1- 3 |  4- 6 |  7- 9 | 10-12 | 13-15 || total
-------------------------+-------+-------+-------+-------+-------++-------
Melee: Mace              |    69 |       |       |       |       ||    69
       Great sword       |     9 |   137 |   115 |   275 |   137 ||   673
Throw: Stone             |       |     8 |     5 |     7 |       ||    20
       Dart              |       |     1 |     9 |       |       ||    10
       Boomerang         |       |       |    26 |    24 |       ||    50
       Large rock        |       |       |       |    21 |    12 ||    33
Invok: Ancestor Life: Ba |       |       |     1 |       |       ||     1
       Recall Ancestor   |       |       |       |     1 |       ||     1
 Abil: Evoke Blink       |       |       |       |       |     1 ||     1
  Use: Scroll            |       |     3 |     2 |    11 |     4 ||    20
       Potion            |       |       |       |     5 |     3 ||     8
 Stab: Distracted        |       |       |     1 |     4 |     4 ||     9
       Sleeping          |       |       |       |     2 |       ||     2
Armor: Robe              |    30 |     6 |       |    99 |    28 ||   163
       Animal skin       |       |    32 |    41 |    34 |       ||   107
       Troll leather arm |       |       |       |       |    88 ||    88
Dodge: Dodged            |    54 |   112 |    94 |   241 |   123 ||   624
